MID
WEST MICHIGAN WHITECAPS @ CHARLESTON RIVERDOGS
06/01/2048
 
TOP OF THE 1ST
West Michigan Whitecaps batting - Pitching for Charleston RiverDogs : RHP Bill Setzer
Pitching: RHP Bill Setzer
Batting: SHB Willie Medina 0-0: Ball
1-0: Called Strike
1-1: Swinging Strike
1-2: Ball
2-2: Strikes out swinging
Batting: LHB Dave Carlisle 0-0: Ball
1-0: Ball
2-0: Foul Ball, location: 2F
2-1: SOLO HOME RUN (Flyball, 9LD, EV 95.0 MPH), Distance : 341 ft
Batting: LHB Jamie Christian 0-0: Ball
1-0: Fly out, F8 (Line Drive, 8RM, EV 88.1 MPH)
Batting: RHB Jon Goldstein 0-0: Swinging Strike
0-1: Foul Ball, location: 2F
0-2: Ball
1-2: Ball
2-2: Ground out 5-3 (Groundball, 56, EV 83.8 MPH)
Top of the 1st over - 1 run, 1 hit, 0 errors, 0 left on base; West Michigan 1 - Charleston 0
BOTTOM OF THE 1ST
Charleston RiverDogs batting - Pitching for West Michigan Whitecaps : RHP Rich Nunez
Pitching: RHP Rich Nunez
Batting: RHB Jonathan Iniguez 0-0: Bunt missed!
0-1: Ball
1-1: Ball
2-1: Ball
3-1: Base on Balls
Batting: SHB Corey Penson 0-0: Called Strike
0-1: Ball
1-1: Called Strike
1-2: Ball
2-2: Fly out, F7 (Flyball, 7, EV 98.1 MPH)
Batting: LHB Steve LeGrand 0-0: Called Strike
Jonathan Iniguez steals 2nd base (no throw)
0-1: Foul Ball, location: 2F
0-2: Ball
1-2: Strikes out swinging
Batting: RHB Bill Nguyen-Tan 0-0: Ball
1-0: Foul Ball, location: 2F
1-1: Ball
2-1: Ground out 6-3 (Groundball, 6, EV 83.1 MPH)
Bottom of the 1st over - 0 runs, 0 hits, 0 errors, 1 left on base; West Michigan 1 - Charleston 0
TOP OF THE 2ND
West Michigan Whitecaps batting - Pitching for Charleston RiverDogs : RHP Bill Setzer
Batting: LHB Jon Pedlar 0-0: Ball
1-0: Called Strike
1-1: Ball
2-1: Swinging Strike
2-2: Fly out, F8 (Flyball, 8LD, EV 108.1 MPH)
Batting: RHB Joe Zimmerman 0-0: Ball
1-0: Called Strike
1-1: Foul Ball, location: 2F
1-2: Ball
2-2: Ball
3-2: Foul Ball, location: 2F
3-2: Fly out, F8 (Flyball, 8LXD, EV 101.9 MPH)
Batting: RHB Scott Carr 0-0: Ball
1-0: Called Strike
1-1: Swinging Strike
1-2: Ball
2-2: DOUBLE (Line Drive, 78XD, EV 103.1 MPH)
Batting: LHB Steve Herrera 0-0: Called Strike
0-1: Ball
1-1: Foul Ball, location: 2F
1-2: Ball
2-2: Strikes out swinging
Top of the 2nd over - 0 runs, 1 hit, 0 errors, 1 left on base; West Michigan 1 - Charleston 0
BOTTOM OF THE 2ND
Charleston RiverDogs batting - Pitching for West Michigan Whitecaps : RHP Rich Nunez
Batting: RHB Iften Olujimi 0-0: Called Strike
0-1: Swinging Strike
0-2: Strikes out looking
Batting: RHB Nate Singleton 0-0: Foul Ball, location: 2F
0-1: Foul Ball, location: 2F
0-2: Foul Ball, location: 2F
0-2: Ball
1-2: Ball
2-2: Ground out 4-3 (Groundball, 4, EV 87.5 MPH)
Batting: RHB Matt Alderson 0-0: Swinging Strike
0-1: Ball
1-1: Ball
2-1: Ball
3-1: Base on Balls
Batting: RHB Gonçalo Burhil 0-0: Fielders Choice at 2nd, 5-4 (Groundball, 56, EV 83.8 MPH)
Bottom of the 2nd over - 0 runs, 0 hits, 0 errors, 1 left on base; West Michigan 1 - Charleston 0
TOP OF THE 3RD
West Michigan Whitecaps batting - Pitching for Charleston RiverDogs : RHP Bill Setzer
Batting: RHB Yaremka Rzhevsky 0-0: Ball
1-0: Ball
2-0: Fly out, F8 (Flyball, 8LD, EV 98.8 MPH)
Batting: SHB Willie Medina 0-0: Ball
1-0: Ground out 5-3 (Groundball, 56, EV 103.1 MPH)
Batting: LHB Dave Carlisle 0-0: Called Strike
0-1: Ball
1-1: Foul Ball, location: 2F
1-2: Ball
2-2: Foul Ball, location: 2F
2-2: Foul Ball, location: 2F
2-2: Foul Ball, location: 2F
2-2: Ball
3-2: Base on Balls
Batting: LHB Jamie Christian 0-0: Called Strike
Dave Carlisle is caught stealing 2nd base 2-6
Top of the 3rd over - 0 runs, 0 hits, 0 errors, 0 left on base; West Michigan 1 - Charleston 0
BOTTOM OF THE 3RD
Charleston RiverDogs batting - Pitching for West Michigan Whitecaps : RHP Rich Nunez
Batting: RHB Louwe Starmans 0-0: Ball
1-0: Ground out 6-3 (Groundball, 6, EV 86.9 MPH)
Batting: RHB Jonathan Iniguez 0-0: Ball
1-0: Ball
2-0: Ground out 4-3 (Groundball, 4, EV 87.5 MPH)
Batting: SHB Corey Penson 0-0: Ball
1-0: Ball
2-0: Called Strike
2-1: Ground out 6-3 (Groundball, 6, EV 83.8 MPH)
Bottom of the 3rd over - 0 runs, 0 hits, 0 errors, 0 left on base; West Michigan 1 - Charleston 0
TOP OF THE 4TH
West Michigan Whitecaps batting - Pitching for Charleston RiverDogs : RHP Bill Setzer
Batting: LHB Jamie Christian 0-0: Called Strike
0-1: Hit by Pitch
Batting: RHB Jon Goldstein 0-0: Foul Ball, location: 2F
0-1: Called Strike
0-2: Strikes out swinging
Batting: LHB Jon Pedlar 0-0: Ball
1-0: Grounds out, U3 (Groundball, 3L, EV 85.0 MPH)
Batting: RHB Joe Zimmerman 0-0: Ball
1-0: Ball
2-0: Swinging Strike
2-1: Foul Ball, location: 2F
2-2: Ball
3-2: Strikes out swinging, 2-3 out at first.
Top of the 4th over - 0 runs, 0 hits, 0 errors, 1 left on base; West Michigan 1 - Charleston 0
BOTTOM OF THE 4TH
Charleston RiverDogs batting - Pitching for West Michigan Whitecaps : RHP Rich Nunez
Batting: LHB Steve LeGrand 0-0: Called Strike
0-1: Ball
1-1: Foul Ball, location: 2F
1-2: Ball
2-2: Foul Ball, location: 2F
2-2: Foul Ball, location: 2F
2-2: Ball
3-2: Ground out U3 (Groundball, 34, EV 98.1 MPH)
Batting: RHB Bill Nguyen-Tan 0-0: Ball
1-0: Ball
2-0: Ground out 6-3 (Groundball, 6M, EV 85.0 MPH)
Batting: RHB Iften Olujimi 0-0: Called Strike
0-1: Fly out, F8 (Flyball, 8RXD, EV 93.8 MPH)
Bottom of the 4th over - 0 runs, 0 hits, 0 errors, 0 left on base; West Michigan 1 - Charleston 0
TOP OF THE 5TH
West Michigan Whitecaps batting - Pitching for Charleston RiverDogs : RHP Bill Setzer
Batting: RHB Scott Carr 0-0: Foul Ball, location: 2F
0-1: Foul Ball, location: 2F
0-2: Foul Ball, location: 2F
0-2: Foul Ball, location: 2F
0-2: Hit by Pitch
Batting: LHB Steve Herrera 0-0: Ball
Scott Carr steals 2nd base
1-0: Foul Ball, location: 2F
1-1: Ball
2-1: Called Strike
2-2: Strikes out swinging
Batting: RHB Yaremka Rzhevsky 0-0: Ball
1-0: Ball
Scott Carr steals 3rd base
2-0: Foul Ball, location: 2F
2-1: Swinging Strike
2-2: Fly out, F8 (Line Drive, 78S, EV 85.0 MPH)
Runner from 3rd tags up, SCORES, throw by CF
Batting: SHB Willie Medina 0-0: Ball
1-0: Ball
2-0: Fly out, F6 (Popup, 6, EV 78.8 MPH)
Top of the 5th over - 1 run, 0 hits, 0 errors, 0 left on base; West Michigan 2 - Charleston 0
BOTTOM OF THE 5TH
Charleston RiverDogs batting - Pitching for West Michigan Whitecaps : RHP Rich Nunez
Batting: RHB Nate Singleton 0-0: Swinging Strike
0-1: Swinging Strike
0-2: Foul Ball, location: 2F
0-2: Foul Ball, location: 2F
0-2: Ground out 6-3 (Groundball, 6, EV 104.4 MPH)
Batting: RHB Matt Alderson 0-0: Called Strike
0-1: DOUBLE (Line Drive, 9LM, EV 101.2 MPH)
Batting: RHB Gonçalo Burhil 0-0: Ground out 5-3 (Groundball, 56S, EV 67.5 MPH)
Matt Alderson to third
Batting: RHB Louwe Starmans 0-0: Ball
1-0: SINGLE (Groundball, 56D, EV 97.5 MPH)
Matt Alderson scores
Batting: RHB Jonathan Iniguez 0-0: Swinging Strike
0-1: Ball
1-1: SINGLE (Groundball, 15S, EV 75.0 MPH) (infield hit)
Louwe Starmans to second
Batting: SHB Corey Penson 0-0: Called Strike
0-1: Called Strike
0-2: Ball
1-2: Foul Ball, location: 2F
1-2: Ball
2-2: Fielders Choice at 2nd, 6-4 (Groundball, 6, EV 90.0 MPH)
Bottom of the 5th over - 1 run, 3 hits, 0 errors, 2 left on base; West Michigan 2 - Charleston 1
TOP OF THE 6TH
West Michigan Whitecaps batting - Pitching for Charleston RiverDogs : RHP Bill Setzer
Pitching: LHP Cory Musial
Batting: LHB Dave Carlisle 0-0: Foul Ball, location: 2F
0-1: Ball
1-1: Ball
2-1: Called Strike
2-2: Ground out 1-3 (Groundball, 13S, EV 70.0 MPH)
Batting: LHB Jamie Christian 0-0: Called Strike
0-1: Ball
1-1: Ground out 4-3 (Groundball, 4, EV 101.9 MPH)
Batting: RHB Jon Goldstein 0-0: Ground out 6-3 (Groundball, 56, EV 83.8 MPH)
Top of the 6th over - 0 runs, 0 hits, 0 errors, 0 left on base; West Michigan 2 - Charleston 1
BOTTOM OF THE 6TH
Charleston RiverDogs batting - Pitching for West Michigan Whitecaps : RHP Rich Nunez
Batting: LHB Steve LeGrand 0-0: Ball
1-0: Ball
2-0: Ball
3-0: Called Strike
3-1: Foul Ball, location: 2F
3-2: Ground out 4-3 (Groundball, 4, EV 88.8 MPH)
Batting: RHB Bill Nguyen-Tan 0-0: Ball
1-0: Ball
2-0: Called Strike
2-1: Fly out, F9 (Flyball, 9S, EV 90.0 MPH)
Batting: RHB Iften Olujimi 0-0: Ball
1-0: Ball
2-0: Fly out, F8 (Flyball, 8RXD, EV 103.1 MPH)
Bottom of the 6th over - 0 runs, 0 hits, 0 errors, 0 left on base; West Michigan 2 - Charleston 1
TOP OF THE 7TH
West Michigan Whitecaps batting - Pitching for Charleston RiverDogs : LHP Cory Musial
Batting: LHB Jon Pedlar 0-0: Ball
1-0: Called Strike
1-1: Ball
2-1: Foul Ball, location: 2F
2-2: Ground out 3-1 (Groundball, 34, EV 88.1 MPH)
Batting: RHB Joe Zimmerman 0-0: Called Strike
0-1: Ball
1-1: SOLO HOME RUN (Flyball, 89XD, EV 115.6 MPH), Distance : 436 ft
Batting: RHB Scott Carr 0-0: Swinging Strike
0-1: Foul Ball, location: 2F
0-2: Ball
1-2: Ball
2-2: Fly out, F8 (Line Drive, 8RD, EV 93.1 MPH)
Batting: LHB Steve Herrera 0-0: Called Strike
0-1: Foul Ball, location: 2F
0-2: Ball
1-2: Foul Ball, location: 2F
1-2: Ball
2-2: Foul Ball, location: 2F
2-2: Foul Ball, location: 2F
2-2: Foul Ball, location: 2F
2-2: Fly out, F8 (Flyball, 8RD, EV 93.8 MPH)
Top of the 7th over - 1 run, 1 hit, 0 errors, 0 left on base; West Michigan 3 - Charleston 1
BOTTOM OF THE 7TH
Charleston RiverDogs batting - Pitching for West Michigan Whitecaps : RHP Rich Nunez
Batting: RHB Nate Singleton 0-0: Called Strike
0-1: Ground out 6-3 (Groundball, 6, EV 103.1 MPH)
Batting: RHB Matt Alderson 0-0: Called Strike
0-1: Ball
1-1: Called Strike
1-2: Ball
2-2: Foul Ball, location: 2F
2-2: Ball
3-2: Ground out 4-3 (Groundball, 4, EV 85.6 MPH)
Pinch Hitting: LHB Dale Anderson 0-0: Foul Ball, location: 2F
0-1: Ball
1-1: Foul Ball, location: 2F
1-2: Ball
2-2: Foul Ball, location: 2F
2-2: SINGLE (Groundball, 4MD, EV 94.4 MPH)
Pinch Hitting: LHB Jeremiah Walker 0-0: Ball
1-0: Fielders Choice at 2nd, 5-4 (Groundball, 6, EV 77.5 MPH)
Bottom of the 7th over - 0 runs, 1 hit, 0 errors, 1 left on base; West Michigan 3 - Charleston 1
TOP OF THE 8TH
West Michigan Whitecaps batting - Pitching for Charleston RiverDogs : LHP Cory Musial
Pitching: RHP Greg Ritchie
Now at 2B: Justin O'Neal
Now at 3B: Lorenzo Vasquez
Batting: RHB Yaremka Rzhevsky 0-0: Swinging Strike
0-1: Ball
1-1: Swinging Strike
1-2: Hit by Pitch
Batting: SHB Willie Medina 0-0: Bunt missed!
0-1: Bunted foul
0-2: Ball
1-2: SINGLE (Groundball, 6S, EV 73.8 MPH) (infield hit)
Yaremka Rzhevsky to second
Batting: LHB Dave Carlisle 0-0: Ball
1-0: Called Strike
1-1: Foul Ball, location: 2F
1-2: Ball
2-2: Ball
3-2: SINGLE (Groundball, 6M, EV 103.8 MPH) (infield hit)
Yaremka Rzhevsky to third
Willie Medina to second
Batting: LHB Jamie Christian 0-0: Foul Ball, location: 2F
0-1: Swinging Strike
0-2: Strikes out swinging
Batting: RHB Jon Goldstein 0-0: Foul Ball, location: 2F
0-1: Ball
1-1: Ball
2-1: Swinging Strike
2-2: Foul Ball, location: 2F
2-2: Foul Ball, location: 2F
2-2: Grounds into fielders choice 4-2 (Groundball, 6M, EV 75.6 MPH)
Willie Medina to third
Dave Carlisle to second
Batting: LHB Jon Pedlar 0-0: Ball
1-0: Ball
2-0: Foul Ball, location: 2F
2-1: Ball
3-1: Foul Ball, location: 2F
3-2: Base on Balls
Willie Medina scores
Dave Carlisle to third
Jon Goldstein to second
Batting: RHB Joe Zimmerman 0-0: Fly out, F2 (Popup, 23F, EV 83.8 MPH)
Top of the 8th over - 1 run, 2 hits, 0 errors, 3 left on base; West Michigan 4 - Charleston 1
BOTTOM OF THE 8TH
Charleston RiverDogs batting - Pitching for West Michigan Whitecaps : RHP Rich Nunez
Batting: RHB Jonathan Iniguez 0-0: Ground out 5-3 (Groundball, 56S, EV 69.4 MPH)
Batting: SHB Corey Penson 0-0: Ball
1-0: Ball
2-0: Swinging Strike
2-1: Ball
3-1: Base on Balls
Pitching: LHP Jesse Turner
Batting: LHB Steve LeGrand 0-0: Ball
1-0: Ball
2-0: Called Strike
2-1: Swinging Strike
2-2: Foul Ball, location: 2F
2-2: Grounds into double play, 5-4-3 (Groundball, 25, EV 87.5 MPH)
Bottom of the 8th over - 0 runs, 0 hits, 0 errors, 0 left on base; West Michigan 4 - Charleston 1
TOP OF THE 9TH
West Michigan Whitecaps batting - Pitching for Charleston RiverDogs : RHP Greg Ritchie
Pitching: RHP Austin Trzcinski
Batting: LHB Nick Swank 0-0: Called Strike
0-1: Ball
1-1: Ball
2-1: Foul Ball, location: 2F
2-2: Ground out 6-3 (Groundball, 6, EV 92.5 MPH)
Batting: LHB Steve Herrera 0-0: Swinging Strike
0-1: Swinging Strike
0-2: Ball
1-2: Ball
2-2: DOUBLE (Flyball, 89D, EV 96.2 MPH)
Batting: RHB Yaremka Rzhevsky 0-0: Ball
1-0: Foul Ball, location: 2F
1-1: Ground out 6-3 (Groundball, 6, EV 107.5 MPH)
Batting: SHB Willie Medina 0-0: Called Strike
0-1: Called Strike
0-2: Strikes out looking
Top of the 9th over - 0 runs, 1 hit, 0 errors, 1 left on base; West Michigan 4 - Charleston 1
BOTTOM OF THE 9TH
Charleston RiverDogs batting - Pitching for West Michigan Whitecaps : LHP Jesse Turner
Pitching: RHP Tony Kepp
Batting: RHB Bill Nguyen-Tan 0-0: Ball
1-0: Foul Ball, location: 2F
1-1: Foul Ball, location: 2F
1-2: Ball
2-2: Fly out, F7 (Flyball, 78D, EV 108.8 MPH)
Batting: RHB Iften Olujimi 0-0: SINGLE (Flyball, 3D, EV 86.2 MPH)
Batting: RHB Nate Singleton 0-0: Foul Ball, location: 2F
0-1: Foul Ball, location: 2F
0-2: Ball
1-2: Strikes out looking
Pinch Hitting: LHB Ernesto Abreu 0-0: Ball
1-0: Ball
2-0: Foul Ball, location: 2F
2-1: Ground out 4-3 (Groundball, 4, EV 84.4 MPH)
Bottom of the 9th over - 0 runs, 1 hit, 0 errors, 1 left on base; West Michigan 4 - Charleston 1
Tuesday, March 28th , 2023 - OOTP Baseball 23.10 Build 110